 Dungeon Crawl Stone Soup version 0.28-a0-906-g0406aca7d3 (webtiles) character file.

Game seed: 12650111153326339456

2118 kae the Ruffian (level 9, -6/86 HPs)
             Began as a Green Draconian Transmuter on Nov 23, 2021.
             Was an Initiate of Qazlal.
             Killed from afar by Maggie (39 damage)
             ... with a bolt of fire
             ... on level 7 of the Dungeon.
             The game lasted 00:05:52 (10202 turns).

kae the Ruffian (Green Draconian Transmuter)       Turns: 10202, Time: 00:05:53

Health: -6/86      AC:  7    Str: 13    XL:     9   Next: 8%
Magic:  15/15      EV: 10    Int: 17    God:    Qazlal [......]
Gold:   408        SH:  0    Dex: 11    Spells: 8/16 levels left

rFire   x . .      SeeInvis .     - Unarmed
rCold   + + +      Faith    .   (shield currently unavailable)
rNeg    . . .      Spirit   .   (armour unavailable)
rPois   +          Reflect  .   (helmet currently unavailable)
rElec   .          Harm     .   (cloak currently unavailable)
rCorr   .          Rampage  .   (gloves currently unavailable)
Will    .....                   (boots currently unavailable)
Stlth   +.........              d - amulet of the acrobat
HPRegen 0.24/turn               (no ring)
MPRegen 0.14/turn               (no ring)

@: ice-form, mesmerised
A: freezing attack, amphibious, boosted hp, (breathe noxious fumes), AC +7,
large, unfitting armour, (poison resistance), (cold-blooded)
a: End Transformation, Renounce Religion


You were on level 7 of the Dungeon.
You worshipped Qazlal.
Qazlal was noncommittal.
You were a creature of crystalline ice.
You visited 2 branches of the dungeon, and saw 8 of its levels.
You also visited: Sewer.

You collected 522 gold pieces.
You spent 114 gold pieces at shops.

Inventory:

Armour
 t - a +1 pair of boots
Jewellery
 d - an amulet of the acrobat (around neck)
Wands
 e - a wand of mindburst (13)
Scrolls
 c - a scroll of summoning
 f - 2 scrolls of teleportation
 g - 2 scrolls of enchant weapon
 h - a scroll of blinking
 i - 2 scrolls of noise
 o - a scroll of fear
 q - a scroll of fog {unknown}
 r - 2 scrolls of amnesia
 u - a scroll of holy word {unknown}
Potions
 a - 4 potions of brilliance
 b - a potion of cancellation
 j - a potion of berserk rage
 k - 3 potions of invisibility
 l - a potion of magic
 m - a potion of resistance
 n - a potion of mutation {unknown}
 p - 2 potions of might {unknown}
 s - a potion of degeneration {unknown}


   Skills:
 + Level 4.4 Fighting
 + Level 4.0 Dodging
 * Level 6.4 Unarmed Combat
 + Level 4.1 Spellcasting
 * Level 5.9 Transmutations
 * Level 4.4 Ice Magic
 - Level 2.4 Poison Magic
 + Level 1.5 Invocations


You had 8 spell levels left.
You knew the following spells:

 Your Spells              Type           Power      Damage    Failure   Level
a - Beastly Appendage     Tmut           46%        N/A       1%          1
b - Spider Form           Tmut/Pois      17%        N/A       9%          3
c - Ice Form              Ice/Tmut       21%        N/A       19%         4

Your spell library contained the following spells:

 Spells                   Type           Power      Damage    Failure   Level
 Wereblood                Tmut           23%        N/A       1%          2
 Passwall                 Tmut/Erth      10%        N/A       7%          2
 Slow                     Hex            12%        N/A       16%         1
 Confusing Touch          Hex            3%         N/A       43%         3
 Swiftness                Air            3%         N/A       43%         3
 Vampiric Draining        Necr           3%         2d6       43%         3
 Animate Dead             Necr           1%         N/A       83%         4
 Haunt                    Necr/Summ      1%         N/A       100%        7
 Infestation              Necr           1%         N/A       100%        8


Dungeon Overview and Level Annotations

Branches:
Dungeon (7/15)             Temple (1/1) D:7           Sewer (visited)

Altars:
Ashenzari
Cheibriados
Dithmenos
Elyvilon
Fedhas
Gozag
Hepliaklqana
Kikubaaqudgha
Makhleb
Nemelex Xobeh
Okawaru
Qazlal
Ru
Sif Muna
Trog
Uskayaw
Vehumet
Wu Jian
Xom
Yredelemnul
Zin
The Shining One
Lugonu

Shops:
D:4 *   D:7 (

Portals:
Abyss: D:6

Annotations:
D:6 2 runed translucent doors
D:7 Maggie


Innate Abilities, Weirdness & Mutations

You are a creature of crystalline ice.
You have a powerful freezing melee attack.
You are amphibious.
Your maximum health is increased.
Your armour is entirely melded.
You are incapable of wielding weapons or throwing items.
((You can breathe blasts of noxious fumes.))
((Your lurid green scales are hard. (AC +7)))
You cannot fit into any form of body armour.
((Your system is resistant to poisons. (rPois)))
((You are cold-blooded and may be slowed by cold attacks.))


Message History

Maggie is nearby!
Maggie shouts!
Maggie zaps a wand.
You suddenly lose the ability to move!
Maggie gestures wildly while chanting.
Maggie attempts to bespell you!
You are mesmerised by Maggie!
Maggie casts a spell.
Maggie draws you further into her thrall.
Maggie gestures wildly while chanting.
Maggie draws you further into her thrall.
You can move again.
Unknown command.
Unknown command.
Maggie mutters to herself, "Master Lance won't take me back.
This is the way forward."
Maggie points at you and mumbles some strange words.
The bolt of fire misses you.
You hit Maggie. You freeze Maggie.
Maggie is lightly wounded.
Maggie barely misses you.
You punch Maggie! You freeze Maggie.
Maggie is moderately wounded.
Maggie barely misses you.
You completely miss Maggie.
Maggie is moderately wounded.
You punch Maggie! You freeze Maggie.
Maggie is heavily wounded.
Maggie misses you.
You pummel Maggie!! You freeze Maggie.
Maggie is severely wounded.
Maggie casts a spell at you. The bolt of fire hits you!!!
The fire burns you terribly!
Ouch! That really hurt!
You punch Maggie! You freeze Maggie.
Maggie is almost dead.
Maggie hits you but does no damage.
You hit Maggie but do no damage.
Maggie is almost dead.
Maggie points at you and mumbles some strange words.
The bolt of fire hits you!!! The fire burns you terribly!
You die...

##... .....# #...#####......
#..)........... #..))#......(..
####.#......... #...........
##).......... #............
#....Y@......
########............
........................)...(
########..................... #
#..................... #
#..................... #
#####.....................
########...##....................
......#.....#....................


You could see Maggie (mesmerising).

Vanquished Creatures
  Grinder (D:5)
  Edmund (D:6)
  Menkaure (D:6)
  An orc warrior (D:7)
  Pargi (Sewer)
  2 ogres
  2 necrophages
  A phantom (D:6)
  A centaur (D:7)
  2 kobold brigands (D:7)
  A scorpion (D:5)
  3 killer bees
  3 wights (D:7)
  A centaur zombie (D:5)
  2 hounds
  2 jellies
  A centaur skeleton (D:6)
  A bullfrog skeleton (D:5)
  Jessica (D:2)
  An orc wizard (D:7)
  4 iguanas
  2 killer bee zombies
  6 adders
  4 worms
  A dart slug (D:1)
  5 orcs
  3 bats
  5 endoplasms
  2 giant cockroaches
  3 goblins
  7 hobgoblins
  6 jackals (D:1)
  3 quokkas
  9 ball pythons
  6 frilled lizards
  13 kobolds
  6 rats
114 creatures vanquished.

Vanquished Creatures (others)
  2 kobolds (D:7)
  A plant (D:1)
3 creatures vanquished.

Grand Total: 117 creatures vanquished

Notes
Turn   | Place    | Note
-------+----------+-------------------------------------------
     0 | D:1      | kae the Draconian Transmuter began the quest for the Orb.
     0 | D:1      | Reached XP level 1. HP: 16/16 MP: 3/3
   310 | D:1      | Reached XP level 2. HP: 20/23 MP: 3/5
   744 | D:1      | You fall into a shaft and drop 1 floor!
   927 | D:1      | Reached XP level 3. HP: 28/28 MP: 6/6
  1027 | D:1      | Learned a level 3 spell: Spider Form
  1419 | D:2      | Noticed Jessica
  1429 | D:2      | Killed Jessica
  1660 | D:2      | Found a radiant altar of Vehumet.
  2240 | D:2      | Reached XP level 4. HP: 20/35 MP: 1/7
  2245 | D:2      | Reached skill level 1 in Poison Magic
  2754 | D:3      | Found a faded altar of an unknown god.
  3112 | D:3      | Found an opulent altar of Gozag.
  3346 | D:4      | Noticed an ogre
  3358 | D:4      | Killed an ogre
  3359 | D:4      | Reached skill level 4 in Unarmed Combat
  3359 | D:4      | Reached XP level 5. HP: 10/41 MP: 4/8
  3798 | D:4      | Found Zeodoax's General Store.
  3808 | D:4      | Bought a scroll of blinking for 90 gold pieces
  3808 | D:4      | Bought a scroll of identify for 24 gold pieces
  4503 | D:5      | Entered Level 5 of the Dungeon
  4795 | D:5      | HP: 2/41 [poisoned by an adder]
  4845 | D:5      | Found a glowing drain.
  5047 | Sewer    | Entered a sewer
  5112 | Sewer    | Noticed Pargi
  5124 | Sewer    | Killed Pargi
  5125 | Sewer    | Reached XP level 6. HP: 17/50 MP: 7/10
  5449 | D:5      | Learned a level 4 spell: Ice Form
  5860 | D:5      | Noticed Grinder
  6321 | D:5      | Killed Grinder
  6322 | D:5      | Reached skill level 1 in Ice Magic
  6322 | D:5      | Your scales start taking on a lurid green colour.
  6322 | D:5      | Reached XP level 7. HP: 21/57 MP: 8/11
  6322 | D:5      | Gained mutation: Your system is resistant to poisons.
                  | (rPois) [Green Draconian growth]
  6905 | D:5      | Reached skill level 5 in Unarmed Combat
  7643 | D:6      | Found a large runed translucent door.
  7643 | D:6      | Found a large runed translucent door.
  7644 | D:6      | Found a corrupted altar of Lugonu.
  7678 | D:6      | Found a one-way gate to the infinite horrors of the Abyss.
  7700 | D:6      | Reached XP level 8. HP: 58/63 MP: 9/13
  7758 | D:6      | Noticed Edmund
  7774 | D:6      | Killed Edmund
  7775 | D:6      | Reached skill level 5 in Transmutations
  8800 | D:7      | Found a staircase to the Ecumenical Temple.
  8817 | Temple   | Entered the Ecumenical Temple
  9093 | Temple   | Became a worshipper of Qazlal Stormbringer
  9134 | D:7      | Reached skill level 6 in Unarmed Combat
  9163 | D:7      | Noticed Maggie
  9179 | D:7      | Noticed Menkaure
  9482 | D:6      | Killed Menkaure
  9483 | D:6      | Reached skill level 1 in Invocations
  9969 | D:7      | Found Hesumuv's Weapon Boutique.
 10013 | D:7      | Reached XP level 9. HP: 72/72 MP: 15/15
 10188 | D:7      | Paralysed by Maggie for 5 turns
 10202 | D:7      | Killed from afar by Maggie

Illustrated notes

Levels and vault maps discovered:
D:1:      kennysheep_arrival_seaside, layout_rooms
D:2:      layout_loops_ring, basic_altar, minmay_misc_feat_nine_boxes,
          minivault_27, uniq_jessica
D:3:      layout_basic, general_overflow_altar, serial_corexii_hall,
          corexii_hall_statues_t, corexii_hall_statues_t,
          hellmonk_ecumenical_altar_heavens_door
D:4:      layout_basic, serial_shops, nicolae_lakefront_shop,
          nicolae_ossuary_entry_monument, kennysheep_small_spiral,
          serial_bayou_pond_d
D:5:      layout_basic, gup_sewer_entry_spiral, uniq_grinder
D:6:      due_chaos_kobolds, layout_rooms, hangedman_decor_lopped, uniq_edmund
D:7:      layout_basic, minmay_temple_entry_wispy, serial_shops,
          nicolae_shop_bloodbath_and_beyond, uniq_menkaure, uniq_prince_ribbit1,
          uniq_maggie
Temple:   mainiacjoe_temple_hex_bubbles

Skill      XL: |  1  2  3  4  5  6  7  8 |
---------------+-------------------------+-----
Dodging        | 2 3 4 |  4.0
Poison Magic   | 1 2 |  2.4
Fighting       | 2 3 4 |  4.4
Unarmed Combat | 4 5 6 |  6.4
Transmutations | 3 4 5 |  5.9
Spellcasting   | 3 4 |  4.1
Ice Magic      | 1 2 4 |  4.4
Invocations    | 1 |  1.5

Action                   |  1- 3 |  4- 6 |  7- 9 || total
-------------------------+-------+-------+-------++-------
Melee: Unarmed           |    93 |   137 |   173 ||   403
       Headbutt          |     9 |     7 |       ||    16
       Kick              |    17 |     5 |       ||    22
       Tailslap          |     4 |     6 |     1 ||    11
       Punch             |       |     1 |     1 ||     2
 Cast: Beastly Appendage |    18 |    11 |       ||    29
       Spider Form       |     2 |    14 |    18 ||    34
       Ice Form          |       |     1 |     9 ||    10
  Use: Scroll            |     7 |     6 |     3 ||    16
       Potion            |       |     2 |       ||     2
 Stab: Sleeping          |     1 |       |       ||     1
Armor: Skin              |    34 |    14 |    29 ||    77
Dodge: Dodged            |    96 |   108 |   166 ||   370

Table legend: (Time is in decaauts)
 A = Elapsed time spent in this place.
 B = Non-inter-level travel time spent in this place.
 C = Inter-level travel time spent in this place.
 D = Time resting spent in this place.
 E = Time spent auto-exploring this place.
 F = Levels seen in this place.
 G = Mean time per level.
                   A        B        C        D        E       F      G
               +--------+--------+--------+--------+--------+-----+--------+
         Total |  10262 |   9962 |    300 |   1900 |   6925 |   9 | 1140.2 |
       Dungeon |   9539 |   9284 |    255 |   1872 |   6384 |   7 | 1362.7 |
        Temple |    291 |    246 |     45 |      0 |    243 |   1 |  291.0 |
         Sewer |    432 |    432 |      0 |     28 |    298 |   1 |  432.0 |
               +--------+--------+--------+--------+--------+-----+--------+

Top non-repeatable levels by time:
     D:5: 1879 daAuts
     D:6: 1779 daAuts
     D:4: 1625 daAuts
     D:2: 1249 daAuts
     D:1: 1191 daAuts
     D:7: 935 daAuts
     D:3: 877 daAuts
   Sewer: 432 daAuts
  Temple: 291 daAuts
